 Dungeon Crawl Stone Soup version 0.24.0-13-gcf9b319 (webtiles) character file.

Game seed: 6470823197182310503, levelgen mode: deterministic

1291 Fang the Skirmisher (level 8, -3/52 HPs)
             Began as a Gargoyle Berserker on Dec 5, 2019.
             Was a Priest of Trog.
             Slain by Fang's ghost (8 damage)
             ... on level 6 of the Dungeon.
             The game lasted 00:04:53 (5058 turns).

Fang the Skirmisher (Gargoyle Berserker)            Turns: 5058, Time: 00:04:53

Health: -3/52      AC:  8    Str: 23    XL:     8   Next: 55%
Magic:  8/8        EV: 13    Int:  8    God:    Trog [***...]
Gold:   272        SH:  0    Dex:  9    Spells: 7/7 levels left

rFire    . . .     SeeInvis .   a - +0 hand axe
rCold    . . .     Gourm    .   (no shield)
rNeg     + . .     Faith    .   b - +0 animal skin
rPois    ∞         Spirit   .   (no helmet)
rElec    +         Reflect  .   (no cloak)
rCorr    .         Harm     .   (no gloves)
MR       ++...                  (no boots)
Stlth    ..........             t - amulet of rage
HPRegen  1.17/turn              i - ring of attention (curse)
MPRegen  0.11/turn              (no ring)

@: berserk cooldown, regenerating, slowed, very slow
A: negative energy resistance 1, electricity resistance, unbreathing,
petrification resistance, rot immunity, AC +5
a: Berserk, Trog's Hand, Renounce Religion, Evoke Berserk Rage


You were on level 6 of the Dungeon.
You worshipped Trog.
Trog was most pleased with you.
You were very hungry.

You visited 2 branches of the dungeon, and saw 7 of its levels.

You collected 272 gold pieces.

Inventory:

Hand Weapons
 a - a +0 hand axe (weapon)
Armour
 b - a +0 animal skin (worn)
Jewellery
 i - a cursed ring of attention (left hand)
 t - an amulet of rage (around neck)
Wands
 q - a wand of polymorph (6)
Scrolls
 d - 2 scrolls of remove curse {unknown}
 f - 2 scrolls of fog {unknown}
 g - a scroll of random uselessness {unknown}
 k - a scroll of immolation {unknown}
 l - a scroll of magic mapping {unknown}
 m - 6 scrolls of identify {unknown}
 o - 2 scrolls of enchant armour {unknown}
 r - a scroll of blinking {unknown}
 u - 3 scrolls of teleportation {unknown}
 w - a scroll of vulnerability {unknown}
 y - a scroll of amnesia {unknown}
Potions
 e - a potion of degeneration {unknown}
 h - 2 potions of haste
 j - 2 potions of magic {unknown}
 n - 2 potions of curing {unknown}
 p - 2 potions of agility {unknown}
 s - 2 potions of mutation {unknown}
 x - a potion of cancellation {unknown}
Comestibles
 c - 5 rations


   Skills:
 + Level 6.4 Fighting
 + Level 5.3 Axes
 + Level 5.8 Armour
 + Level 4.4 Dodging


You had 7 spell levels left.
You didn't know any spells.
Your spell library was empty.

Dungeon Overview and Level Annotations

Branches:
Dungeon (6/15)             Temple (1/1) D:5

Altars:
Gozag
Kikubaaqudgha
Sif Muna

Annotations:
D:3 1 runed translucent door, Ajohnson's ghost, amateur DsGl
D:6 Fang's ghost, novice GrBe


Innate Abilities, Weirdness & Mutations

You are resistant to torment.
Your stone body is resilient. (AC +5)
You are immune to poison.
You resist negative energy. (rN+)
You are resistant to electric shocks. (rElec)
You can survive without breathing.
You are immune to petrification.
You are immune to rotting.


Message History

Fang's ghost hits you!
* * * LOW HITPOINT WARNING * * *
Fang's ghost hits you.
* * * LOW HITPOINT WARNING * * *
You are too injured to fight recklessly!
You closely miss Fang's ghost.
Fang's ghost is heavily damaged.
Fang's ghost takes a fighting stance.
Fang's ghost barely misses you.
Your skin crawls.
You feel resistant to hostile enchantments.
You are feeling very hungry.
Fang's ghost hits you but does no damage.
Fang's ghost hits you.
* * * LOW HITPOINT WARNING * * *
Fang's ghost hits you.
* * * LOW HITPOINT WARNING * * *
An orc comes into view. It is wielding a +0 flail.
Fang's ghost hits you!
You die...

#÷......# # ##
###.......#
#.##.#......>#
###..≈#.#.....#
#≈..≈.#.#.##..#
##≈.#.'...##.....
#≈/§..'...##..#.#
##.≈8.#W#.##..#.#
#≈#..#@#.##..# #
##..##.#.# ..#
### #.# # ..# ..#
...# ..o# #...#


You could see Fang's ghost and an orc.

Vanquished Creatures
  Grinder (D:3)
  Eustachio (D:5)
  Edmund (D:5)
  An ice beast (D:5)
  A bullfrog (D:6)
  Blork the orc (D:5)
  A water moccasin zombie (D:5)
  A scorpion (D:5)
  A bullfrog zombie (D:5)
  2 crimson imps (D:5)
  A centaur zombie (D:5)
  A centaur skeleton (D:5)
  An orc priest (D:4)
  Jessica (D:3)
  A bullfrog skeleton (D:5)
  2 orc wizards (D:4)
  2 worker ants
  A hound zombie (D:5)
  A howler monkey zombie (D:5)
  4 adders
  3 worms
  3 dart slugs
  5 leopard geckos
  3 orcs
  5 bats
  8 giant cockroaches
  7 goblins
  8 hobgoblins
  10 jackals
  2 quokkas
  2 ball pythons
  8 frilled lizards
  A jackal zombie (D:5)
  12 kobolds
  A leopard gecko skeleton (D:5)
  4 rats
108 creatures vanquished.

Notes
Turn   | Place    | Note
-------+----------+-------------------------------------------
     0 | D:1      | Fang the Gargoyle Berserker began the quest for the Orb.
     0 | D:1      | Reached XP level 1. HP: 14/14 MP: 1/1
   303 | D:1      | Reached XP level 2. HP: 10/19 MP: 2/2
   854 | D:2      | Reached XP level 3. HP: 21/24 MP: 3/3
   913 | D:2      | Reached ** piety under Trog
  1124 | D:2      | Reached XP level 4. HP: 26/29 MP: 4/4
  1556 | D:2      | Reached skill level 4 in Fighting
  2016 | D:3      | Noticed a bullfrog
  2017 | D:3      | Found a runed translucent door.
  2018 | D:3      | Noticed Ajohnson's ghost (amateur DsGl)
  2222 | D:3      | Noticed Grinder
  2222 | D:3      | Paralysed by Grinder for 2 turns
  2224 | D:3      | Noticed Jessica
  2232 | D:3      | Reached XP level 5. HP: 33/33 MP: 5/5
  2236 | D:3      | Killed Jessica
  2236 | D:3      | Reached *** piety under Trog
  2249 | D:3      | Paralysed by Grinder for 5 turns
  2282 | D:3      | Killed Grinder
  2282 | D:3      | Reached XP level 6. HP: 32/40 MP: 6/6
  2338 | D:3      | Found an opulent altar of Gozag.
  2446 | D:3      | Found an ancient bone altar of Kikubaaqudgha.
  2578 | D:4      | Reached skill level 5 in Fighting
  2581 | D:4      | Reached XP level 7. HP: 29/44 MP: 7/7
  3410 | D:5      | Entered Level 5 of the Dungeon
  3464 | D:5      | Found a shimmering blue altar of Sif Muna.
  3464 | D:5      | Noticed Eustachio
  3474 | D:5      | Killed Eustachio
  3551 | D:5      | Noticed Blork the orc
  3565 | D:5      | Killed Blork the orc
  3590 | D:5      | Reached skill level 5 in Armour
  3864 | D:5      | Reached XP level 8. HP: 27/51 MP: 8/8
  4044 | D:5      | Reached skill level 6 in Fighting
  4078 | D:5      | Noticed Edmund
  4079 | D:5      | Found a staircase to the Ecumenical Temple.
  4094 | D:5      | Killed Edmund
  4094 | D:5      | Reached skill level 5 in Axes
  4772 | Temple   | Entered the Ecumenical Temple
  4803 | D:6      | Noticed Fang's ghost (novice GrBe)
  4804 | D:6      | Found a large runed translucent door.
  4804 | D:6      | Found a large runed translucent door.
  5058 | D:6      | Slain by Fang's ghost

Levels and vault maps discovered:
D:1:      minmay_arrival_cross, layout_loops_corners
D:2:      layout_basic
D:3:      layout_basic, kiku_gazebo_pond_becter, ebering_ghost_sewer_d,
          serial_rivers, chequers_serial_rivers_room_a,
          chequers_serial_rivers_micro_a, chequers_serial_rivers_micro_e,
          chequers_serial_rivers_micro_b, chequers_serial_rivers_small_b,
          chequers_serial_rivers_micro_b, first_ration, grunt_gozag_statues,
          uniq_jessica, uniq_grinder
D:4:      layout_basic
D:5:      layout_cave_pools, overflow_temple_1_default, temple_pool_b,
          serial_undead, serial_undead_d, serial_undead_c, serial_undead_c,
          serial_undead_a, grunt_ministairs_2, uniq_edmund, uniq_blork_the_orc,
          uniq_eustachio
D:6:      layout_basic, nemelex_xobeh_ov_fountains_minmay,
          ebering_ghost_disaster_area, serial_shops, shop, minmay_fountain_box,
          grunt_ministairs_2, uniq_duvessa
Temple:   dpeg_five_rooms_temple

Skill      XL: |  1  2  3  4  5  6  7  8 |
---------------+-------------------------+-----
Axes           | 3 4 5 |  5.3
Dodging        | 2 3 4 |  4.4
Fighting       | 4 5 6 |  6.4
Armour         | 3 4 5 |  5.8

Action                   |  1- 3 |  4- 6 |  7- 9 || total
-------------------------+-------+-------+-------++-------
Melee: Hand axe          |   105 |   148 |   201 ||   454
Invok: Berserk           |     1 |     4 |     4 ||     9
       Trog's Hand       |       |     2 |     1 ||     3
  Eat: Chunk             |     2 |     8 |    12 ||    22
Armor: Animal skin       |    32 |    47 |    70 ||   149
Dodge: Dodged            |    87 |    95 |   127 ||   309
